 Dungeon Crawl Stone Soup version 0.23.2-33-g5129a83184 (webtiles) character file.

Game seed: 1871338168185951752

72996 Acheron the Cleaver (level 15, -2/93 HPs)
             Began as a Gargoyle Fighter on July 3, 2019.
             Was a High Priest of Okawaru.
             Slain by a golden dragon simulacrum (20 damage)
             ... in an ice cave on July 5, 2019.
             The game lasted 02:53:43 (17521 turns).

Acheron the Cleaver (Gargoyle Fighter)             Turns: 17521, Time: 02:54:03

Health: -2/93      AC: 30    Str: 22    XL:     15   Next: 41%
Magic:  26/26      EV: 16    Int: 18    God:    Okawaru [*****.]
Gold:   1049       SH:  9    Dex: 19    Spells: 5/29 levels left

rFire    + . .     SeeInvis +   u - +4 broad axe (drain)
rCold    + . .     Gourm    .   L - +3 buckler {rF+}
rNeg     + . .     Faith    .   d - +1 ring mail of the Beginning {rC+ Str-4 Int+8 Dex+4}
rPois    ∞         Spirit   .   Q - +2 hat
rElec    +         Reflect  .   y - +1 cloak {+Inv}
rCorr    .         Harm     .   O - +2 pair of gloves {Dex+3}
MR       +....                  K - +2 pair of boots
Stlth    ++++......             n - amulet of the acrobat
HPRegen  0.25/turn              g - +4 ring of strength
MPRegen  0.20/turn              o - ring of see invisible

@: flying
A: big wings, negative energy resistance 1, electricity resistance, unbreathing,
petrification resistance, rot immunity, AC +11
a: Stop Flying, Heroism, Finesse, Renounce Religion, Evoke Invisibility


You were in an ice cave.
You worshipped Okawaru.
Okawaru was extremely pleased with you.
You were not hungry.

You visited 5 branches of the dungeon, and saw 24 of its levels.
You visited 1 bazaar.
You also visited: Ice Cave and Volcano.

You collected 1376 gold pieces.
You spent 327 gold pieces at shops.

Inventory:

Hand Weapons
 c - the +8 falchion of Mourning {slice, *Rage Str+4}
   (You found it in a volcano)

   It inflicts extra damage upon your enemies.
   It affects your strength (+4).
   It may make you go berserk in combat.
 i - a +1 quick blade of flaming
 q - a +2 morningstar of protection
 u - a +4 broad axe of draining (weapon)
 w - a +8 war axe of freezing
 N - a +5 battleaxe
 P - a +1 fustibalus of velocity
Missiles
 p - 157 sling bullets
 U - 6 javelins (quivered)
Armour
 d - the +1 ring mail of the Beginning (worn) {rC+ Str-4 Int+8 Dex+4}
   (Okawaru gifted it to you on level 6 of the Lair of Beasts)

   It affects your strength (-4).
   It affects your intelligence (+8).
   It affects your dexterity (+4).
   It protects you from cold.
 e - the +1 buckler "Lyis" {-Cast Str+3 Int+4 Dex+9}
   (Okawaru gifted it to you on level 1 of the Shoals)

   It affects your strength (+3).
   It affects your intelligence (+4).
   It affects your dexterity (+9).
   It prevents spellcasting.
 y - a +1 cloak of invisibility (worn)
 K - a +2 pair of boots (worn)
 L - a +3 buckler of fire resistance (worn)
 O - a +2 pair of gloves of dexterity (worn)
 Q - a +2 hat (worn)
 T - a +2 chain mail of fire resistance
Jewellery
 g - a +4 ring of strength (left hand)
 l - an uncursed ring of wizardry
 n - an amulet of the acrobat (around neck)
 o - a ring of see invisible (right hand)
 v - an uncursed amulet of regeneration
Wands
 a - a wand of iceblast (42)
 j - a wand of paralysis (4)
 r - a wand of clouds (8)
 A - a wand of flame (27)
 R - a wand of disintegration (18)
 S - a wand of scattershot (6)
 V - a wand of digging (11)
Scrolls
 b - 2 scrolls of blinking
 z - 4 scrolls of teleportation
 B - 2 scrolls of remove curse
 C - 3 scrolls of silence {unknown}
 E - 3 scrolls of fear
 F - 3 scrolls of enchant armour
 M - 2 scrolls of fog
Potions
 h - 5 potions of curing
 m - 3 potions of berserk rage
 s - a potion of invisibility
 t - 2 potions of haste
 x - 3 potions of agility
 G - a potion of cancellation
 H - 4 potions of heal wounds
 I - a potion of mutation
 J - a potion of resistance
 X - a potion of might
 Y - a potion of magic
Miscellaneous
 Z - a lamp of fire
Comestibles
 f - 37 rations


   Skills:
 * Level 10.7 Fighting
 * Level 13.3(13.4) Axes
 + Level 3.2(10.1) Maces & Flails
 * Level 7.7 Armour
 * Level 6.8 Dodging
 * Level 9.8 Stealth
 - Level 6.0 Shields
 * Level 7.5 Spellcasting
 * Level 2.9 Conjurations
 * Level 1.9 Hexes
 + Level 3.1 Charms
 * Level 3.1 Summonings
 * Level 3.4 Translocations
 * Level 1.9 Fire Magic
 * Level 1.2 Air Magic
 * Level 7.9 Invocations
 * Level 6.3 Evocations


You had 5 spell levels left.
You knew the following spells:

 Your Spells              Type           Power        Failure   Level  Hunger
a - Apportation           Tloc           ###...       3%          1    None
b - Blink                 Tloc           N/A          5%          2    None
c - Summon Butterflies    Summ           ###.....     4%          1    None
d - Shroud of Golubria    Chrm/Tloc      ###.......   6%          2    None
e - Teleport Other        Tloc           ###.....     11%         3    #......
f - Call Imp              Summ           ###.....     6%          2    None
g - Conjure Flame         Conj/Fire      ###.....     17%         3    #......
h - Slow                  Hex            ##......     11%         2    None
i - Dazzling Spray        Conj/Hex       ###...       17%         3    #......
j - Magic Dart            Conj           ###.         4%          1    None
k - Airstrike             Air            ##........   67%         4    ###....

Your spell library contained the following spells:

 Spells                   Type           Power        Failure   Level  Hunger
 Confusing Touch          Hex            ##....       7%          1    None
 Corona                   Hex            ##.....      7%          1    None
 Shock                    Conj/Air       ##..         7%          1    None
 Swiftness                Chrm/Air       ##......     10%         2    None
 Lesser Beckoning         Tloc           ###.......   11%         3    #......
 Static Discharge         Conj/Air       ##......     21%         3    #......
 Tukima's Dance           Hex            ##......     21%         3    #......
 Corpse Rot               Necr           N/A          24%         2    None
 Mephitic Cloud           Conj/Pois/Air  ##......     26%         3    #......
 Summon Lightning Spire   Summ/Air       ##......     52%         4    ###....
 Summon Demon             Summ           ###.......   75%         5    #####..
 Lightning Bolt           Conj/Air       ##........   88%         5    #####..
 Silence                  Hex/Air        ##........   91%         5    #####..
 Excruciating Wounds      Chrm/Necr      ##........   92%         5    #####..
 Bolt of Draining         Conj/Necr      ##........   94%         5    #####..
 Yara's Violent Unravell  Hex/Tmut       ##........   96%         5    #####..
 Agony                    Necr           #.......     99%         5    #####..
 Alistair's Intoxication  Tmut/Pois      #.......     99%         5    #####..
 Dispel Undead            Necr           #.......     99%         5    #####..
 Conjure Ball Lightning   Conj/Air       ##........   100%        6    ######.
 Deflect Missiles         Chrm/Air       ##........   100%        6    ######.
 Invisibility             Hex            ##......     100%        6    ######.
 Tornado                  Air            ##........   100%        9    #######
 Sublimation of Blood     Necr           Unusable     N/A         2    N/A

Dungeon Overview and Level Annotations

Branches:
Dungeon (12/15)            Temple (1/1) D:5            Lair (6/6) D:11
 Shoals (3/4) Lair:4       Spider (2/4) Lair:2        Slime (0/5) Lair:5
    Orc: D:9-12

Altars:
Ashenzari
Cheibriados
Dithmenos
Elyvilon
Fedhas
Gozag
Hepliaklqana
Kikubaaqudgha
Makhleb
Nemelex Xobeh
Okawaru
Qazlal
Ru
Sif Muna
Trog
Uskayaw
Vehumet
Wu Jian
Xom
Yredelemnul
Zin
The Shining One

Shops:
D:7 [*:?   D:10 }

Portals:
Trove: D:10 (lose all piety)

Annotations:
D:5 exclusion: downstairs
D:7 1 runed translucent door, Jannitor's ghost, novice VSCK
D:12 exclusion: upstairs
Lair:2 exclusion: oklob plant
Shoals:2 exclusion: 3 downstairs
Shoals:3 Polyphemus


Innate Abilities, Weirdness & Mutations

You are resistant to torment.
Your stone body is resilient. (AC +11)
You are immune to poison.
Your large and strong wings let you fly indefinitely.
You resist negative energy. (rN+)
You are resistant to electric shocks. (rElec)
You can survive without breathing.
You are immune to petrification.
You are immune to rotting.


Message History

The ettin simulacrum is severely damaged.
You block the ettin simulacrum's attack.
The ettin simulacrum hits you! The ettin simulacrum freezes you! You resist.
A death yak simulacrum comes into view.
You slash the ettin simulacrum!
The ettin simulacrum vapourises!
Okawaru accepts your kill.
You slice the golden dragon simulacrum!!
The golden dragon simulacrum is moderately damaged.
You are engulfed in freezing vapours.
You resist. The golden dragon simulacrum bites you!
The golden dragon simulacrum freezes you!!
You resist.
* * * LOW HITPOINT WARNING * * *
The golden dragon simulacrum claws you but does no damage.
The golden dragon simulacrum tramples you!
* * * LOW HITPOINT WARNING * * *
The golden dragon simulacrum freezes you!!
You resist.
You die...

## #### )#
#..####### # $#
#.∩....#.###$#. ##
##..∩.....###☼°##
Z§§
###........###@#○§§○
####.###..#§#Z°§#
### ##§☼§.§###
##§§.## ##§## ###


You could see a golden dragon simulacrum.

Vanquished Creatures
  Frances (Shoals:1)
  Gastronok (Lair:1)
  Kirke (Lair:5)
  The ghost of
  1994 the Blocker, a journeyman DrWz of Sif Muna (Lair:4)
  A merfolk javelineer (Shoals:1)
  Josephine (Shoals:1)
  An alligator snapping turtle (Shoals:1)
  5 hydras
  A dancing weapon (Volcano)
  A satyr (Shoals:2)
  10 sea snakes
  6 wizards
  An obsidian statue (Shoals:1)
  2 orb spiders (Spider:1)
  3 wolf spiders
  7 harpies (Shoals:1)
  6 fauns
  5 elephants (Lair:6)
  An ugly thing (D:11)
  3 manticores
  3 merfolk sirens
  5 toenail golems (Volcano)
  2 black mambas
  An ice statue (Spider:2)
  5 spiny frogs
  5 komodo dragons
  2 rime drakes
  3 demonic crawlers (Spider:1)
  A troll (D:12)
  7 merfolk
  3 hornets (Lair:6)
  4 polar bears (Lair:6)
  Prince Ribbit (D:9)
  5 jumping spiders
  A wind drake (Shoals:1)
  9 hippogriffs
  17 blink frogs
  A meliai zombie (D:12)
  16 dream sheep
  3 tarantellas (Spider:1)
  4 snapping turtles
  4 wraiths (Shoals:1)
  5 redbacks
  14 spriggans (Lair:6)
  A wyvern (Lair:5)
  Eustachio (D:6)
  9 yaks
  3 basilisks
  A water elemental (Shoals:1)
  3 vampire mosquitoes (D:12)
  2 hogs (Lair:5)
  Menkaure (D:5)
  3 wargs
  A soldier ant (D:11)
  14 water moccasins
  8 porcupines
  6 orc warriors
  5 ice beasts
  10 necrophages
  2 black bears (Lair:6)
  An eye of draining (D:12)
  3 sky beasts
  An ettin simulacrum (IceCv)
  4 boggarts (Lair:6)
  2 ogres (D:7)
  2 centaurs
  27 wolves
  15 crocodiles
  14 bullfrogs
  A wyvern skeleton (D:10)
  5 scorpions
  12 wights
  5 electric eels
  5 howler monkeys
  5 crimson imps
  3 centaur zombies
  3 bullfrog zombies
  A jelly (D:12)
  A centaur skeleton (D:12)
  4 hounds
  Crazy Yiuf (D:5)
  3 bullfrog skeletons
  4 orc priests
  A gnoll shaman (D:6)
  11 orc wizards
  Jessica (D:2)
  4 iguanas
  4 worker ants
  10 hell rats
  3 troll simulacra (IceCv)
  A centaur simulacrum (IceCv)
  A hound zombie (D:5)
  A mummy (D:12)
  A worker ant zombie (D:8)
  11 gnolls
  A howler monkey skeleton (D:6)
  8 adders
  3 shadow imps
  2 oozes
  An adder skeleton (D:5)
  An adder zombie (D:5)
  3 worms
  2 dart slugs
  7 leopard geckos
  40 orcs
  4 ball pythons
  8 bats
  5 giant cockroaches
  7 goblins
  3 hobgoblins
  4 jackals (D:5)
  4 quokkas
  3 frilled lizards
  3 kobolds
  6 rats
  3 fungi
  A tentacle (Shoals:2)
539 creatures vanquished.

Vanquished Creatures (others)
  4 white imps (IceCv)
  3 ufetubi (IceCv)
  9 fungi
  8 plants
  19 tentacles (Shoals:2)
43 creatures vanquished.

Grand Total: 582 creatures vanquished

Notes
Turn   | Place    | Note
-------+----------+-------------------------------------------
     0 | D:1      | Acheron the Gargoyle Fighter began the quest for the Orb.
     0 | D:1      | Reached XP level 1. HP: 14/14 MP: 1/1
    69 | D:1      | Reached XP level 2. HP: 15/19 MP: 2/2
   646 | D:2      | Reached skill level 2 in Axes
   646 | D:2      | Reached XP level 3. HP: 17/24 MP: 3/3
   813 | D:3      | Found a shadowy altar of Dithmenos.
   926 | D:2      | Found a shimmering altar of Xom.
  1039 | D:2      | Reached skill level 1 in Stealth
  1138 | D:2      | Noticed Jessica
  1147 | D:2      | Killed Jessica
  1147 | D:2      | Reached skill level 1 in Spellcasting
  1147 | D:2      | Reached XP level 4. HP: 23/29 MP: 5/5
  1156 | D:2      | Identified Jessica's Handbook of Boosts
  1198 | D:2      | Found a snail-covered altar of Cheibriados.
  1686 | D:3      | Reached skill level 1 in Dodging
  1697 | D:3      | Reached XP level 5. HP: 26/33 MP: 6/6
  1816 | D:3      | Noticed an ice beast
  1837 | D:3      | Killed an ice beast
  1837 | D:3      | Reached XP level 6. HP: 24/38 MP: 8/8
  1968 | D:3      | Reached skill level 3 in Axes
  2178 | D:4      | Found a burning altar of Makhleb.
  2534 | D:4      | Found an iron altar of Okawaru.
  2544 | D:4      | Became a worshipper of Warmaster Okawaru
  2883 | D:4      | Found a hazy altar of Hepliaklqana.
  2940 | D:5      | Entered Level 5 of the Dungeon
  2940 | D:5      | Found a sparkling altar of Nemelex Xobeh.
  3044 | D:5      | Reached XP level 7. HP: 39/44 MP: 10/10
  3071 | D:5      | Found a stormy altar of Qazlal.
  3074 | D:5      | Noticed Menkaure
  3096 | D:5      | Killed Menkaure
  3345 | D:6      | Noticed Eustachio
  3357 | D:6      | Reached * piety under Okawaru
  3396 | D:6      | Killed Eustachio
  3396 | D:6      | Reached skill level 4 in Axes
  3396 | D:6      | Reached skill level 5 in Shields
  3396 | D:6      | Reached XP level 8. HP: 33/48 MP: 10/12
  3538 | D:5      | Found a staircase to the Ecumenical Temple.
  3545 | Temple   | Entered the Ecumenical Temple
  3983 | D:5      | Reached skill level 5 in Fighting
  4302 | D:5      | Found a runed translucent door.
  4303 | D:5      | Noticed Crazy Yiuf
  4323 | D:5      | Killed Crazy Yiuf
  4464 | D:5      | Reached ** piety under Okawaru
  4524 | D:5      | Found a bloodstained altar of Trog.
  4870 | D:6      | Reached skill level 5 in Armour
  4893 | D:7      | Found a runed translucent door.
  4893 | D:7      | Found a shimmering altar of Xom.
  4893 | D:7      | Noticed Jannitor's ghost (novice VSCK)
  4902 | D:7      | Reached skill level 1 in Invocations
  4907 | D:7      | Noticed a +3 rapier of chaos
  4955 | D:7      | Reached XP level 9. HP: 38/54 MP: 12/14
  4961 | D:7      | Reached skill level 5 in Axes
  4961 | D:7      | Reached skill level 1 in Evocations
  4986 | D:7      | Found Kuedol's Armour Shop.
  5308 | D:8      | Found a basalt altar of Yredelemnul.
  5410 | D:8      | Found a stormy altar of Qazlal.
  5568 | D:8      | Reached skill level 5 in Stealth
  5711 | D:8      | Reached *** piety under Okawaru
  5739 | D:8      | Found an ornate altar of the Wu Jian Council.
  5883 | D:7      | Found Duemuph's Book Shop.
  5901 | D:7      | Reached skill level 6 in Axes
  6036 | D:7      | Found Alaof's Magic Scroll Shop.
  6220 | D:7      | Found Axecuv's General Store.
  6229 | D:7      | Bought a scroll of fog for 30 gold pieces
  6229 | D:7      | Bought a scroll of identify for 30 gold pieces
  6309 | D:7      | Reached XP level 10. HP: 60/60 MP: 13/16
  6417 | D:9      | Noticed Prince Ribbit
  6450 | D:9      | Killed Prince Ribbit
  6471 | D:10     | Entered Level 10 of the Dungeon
  6471 | D:10     | Found Dafraz's Gadget Shoppe.
  6481 | D:10     | Found a portal to a secret trove of treasure.
  7178 | D:9      | Found a blossoming altar of Fedhas.
  7564 | D:11     | Noticed a green ugly thing
  7624 | D:12     | Reached skill level 7 in Axes
  7674 | D:12     | Reached **** piety under Okawaru
  7690 | D:12     | Noticed a wizard
  7699 | D:12     | Killed a wizard
  7712 | D:12     | Reached skill level 8 in Axes
  7712 | D:12     | Reached XP level 11. HP: 58/67 MP: 8/18
  7727 | D:12     | Reached ***** piety under Okawaru
  7775 | D:12     | Noticed a cyclops
  7999 | D:11     | Found a staircase to the Lair.
  8258 | D:11     | Killed a green ugly thing
  8258 | D:11     | Reached skill level 5 in Spellcasting
  8498 | Lair:1   | Entered Level 1 of the Lair of Beasts
  8513 | Lair:1   | Noticed Gastronok
  8518 | Lair:1   | Noticed a seven-headed hydra
  8528 | Lair:1   | Killed a seven-headed hydra
  8617 | Lair:1   | Reached skill level 9 in Axes
  8634 | Lair:1   | Killed Gastronok
  8771 | Lair:2   | Noticed a five-headed hydra
  8783 | Lair:2   | Killed a five-headed hydra
  8783 | Lair:2   | Reached skill level 1 in Maces & Flails
  8783 | Lair:2   | Reached skill level 5 in Invocations
  8796 | Lair:2   | Received a gift from Okawaru
  8865 | Lair:2   | Reached XP level 12. HP: 67/73 MP: 20/20
  8959 | Lair:2   | Found a dark tunnel.
  8969 | Volcano  | Entered a volcano
  8992 | Volcano  | Paralysed by a wizard for 5 turns
  9073 | Volcano  | Reached skill level 10 in Axes
  9097 | Volcano  | Reached skill level 5 in Dodging
  9131 | Volcano  | Got a dazzling falchion
  9139 | Volcano  | Identified the +8 falchion of Mourning {slice, *Rage Str+4}
                  | (You found it in a volcano)
  9732 | Lair:2   | Received a gift from Okawaru
 10175 | Lair:3   | Reached skill level 11 in Axes
 10354 | Lair:3   | Reached XP level 13. HP: 79/80 MP: 22/22
 10577 | Lair:3   | Received a gift from Okawaru
 10671 | Lair:3   | Reached skill level 5 in Evocations
 11145 | Lair:4   | Received a gift from Okawaru
 11624 | Lair:5   | Found a staircase to the Slime Pits.
 11713 | Lair:5   | Identified the Handbook of Companions and the Voyage
 11717 | Lair:5   | Learned a level 1 spell: Apportation
 11720 | Lair:5   | Learned a level 2 spell: Blink
 11722 | Lair:5   | Learned a level 1 spell: Summon Butterflies
 11766 | Lair:5   | Noticed Kirke
 11815 | Lair:6   | Entered Level 6 of the Lair of Beasts
 11933 | Lair:6   | Learned a level 2 spell: Shroud of Golubria
 12082 | Lair:6   | Reached skill level 1 in Translocations
 12084 | Lair:6   | Reached ****** piety under Okawaru
 12101 | Lair:6   | Reached skill level 12 in Axes
 12231 | Lair:6   | Reached skill level 1 in Charms
 12249 | Lair:6   | Received a gift from Okawaru
 12254 | Lair:6   | Got an ichor-stained ring mail {god gift}
 12255 | Lair:6   | Identified the +1 ring mail of the Beginning {rC+ Str-4
                  | Int+8 Dex+4} (Okawaru gifted it to you on level 6 of the
                  | Lair of Beasts)
 12488 | Lair:6   | Identified Qiecauph's Handbook of Ensnaring Black Rites
 12593 | Lair:6   | Gained mutation: Your large and strong wings let you fly
                  | indefinitely. [Gargoyle growth]
 12593 | Lair:6   | Reached XP level 14. HP: 87/87 MP: 24/24
 12699 | Lair:6   | Reached skill level 1 in Summonings
 12927 | Lair:6   | Found a deep blue altar of Sif Muna.
 13234 | Lair:5   | Killed Kirke
 13234 | Lair:5   | Reached skill level 10 in Fighting
 13512 | Lair:4   | You are sucked into a shaft!
 13668 | Lair:4   | Found a staircase to the Shoals.
 13821 | Lair:4   | Noticed 1994's ghost (journeyman DrWz)
 13822 | Lair:4   | Found a runed translucent door.
 14092 | Shoals:1 | Entered Level 1 of the Shoals
 14108 | Shoals:1 | Noticed Frances
 14370 | Shoals:1 | Learned a level 3 spell: Teleport Other
 14398 | Shoals:1 | Learned a level 2 spell: Call Imp
 14402 | Shoals:1 | Learned a level 3 spell: Conjure Flame
 14505 | Shoals:1 | Killed Frances
 14534 | Shoals:2 | Noticed a kraken
 14534 | Shoals:2 | Noticed a kraken
 14534 | Shoals:2 | Noticed a kraken
 14534 | Shoals:2 | Noticed a kraken
 14609 | Shoals:1 | Noticed Josephine
 14657 | Shoals:1 | Received a gift from Okawaru
 14663 | Shoals:1 | Got an ancient buckler {god gift}
 14685 | Shoals:1 | Identified the +1 buckler "Lyis" {-Cast Str+3 Int+4 Dex+9}
                  | (Okawaru gifted it to you on level 1 of the Shoals)
 14867 | Shoals:1 | Found a flickering gateway to a bazaar.
 14873 | Bazaar   | Entered a bazaar
 14878 | Bazaar   | Found Lygiog's Jewellery Shoppe.
 14887 | Bazaar   | Found Isudghos's General Store.
 14887 | Bazaar   | Found Ygeb's Antique Armour Boutique.
 14904 | Bazaar   | Found Juown's Weapon Emporium.
 14982 | Bazaar   | Learned a level 2 spell: Slow
 14986 | Bazaar   | Learned a level 3 spell: Dazzling Spray
 15002 | Bazaar   | Bought a scroll of fear for 31 gold pieces
 15020 | Bazaar   | Bought a pair of glowing boots for 187 gold pieces
 15040 | Bazaar   | Bought a cursed ring of teleportation for 49 gold pieces
 15382 | Shoals:2 | Reached skill level 13 in Axes
 15482 | Shoals:3 | Noticed Polyphemus
 15555 | Shoals:2 | Reached skill level 1 in Conjurations
 15634 | Shoals:2 | Reached skill level 1 in Hexes
 15697 | Shoals:2 | Reached XP level 15. HP: 93/93 MP: 26/26
 15900 | Shoals:2 | Learned a level 1 spell: Magic Dart
 15905 | Shoals:2 | Learned a level 4 spell: Airstrike
 15945 | Shoals:1 | Reached skill level 1 in Fire Magic
 16194 | Shoals:1 | Killed Josephine
 16306 | Lair:4   | Killed 1994's ghost
 16401 | Lair:2   | Found a hole to the Spider Nest.
 16615 | Spider:1 | Entered Level 1 of the Spider Nest
 16704 | Spider:1 | Reached skill level 1 in Air Magic
 16714 | Spider:1 | Received a gift from Okawaru
 17397 | Spider:2 | Found a frozen archway.
 17418 | IceCv    | Entered an ice cave
 17521 | IceCv    | Slain by a golden dragon simulacrum

Skill      XL: |  1  2  3  4  5  6  7  8  9 10 11 12 13 14 15 |
---------------+----------------------------------------------+-----
Axes           | 2 3 4 6 8 9 11 12 13 | 13.3
Stealth        | 1 2 3 4 5 6 7 8 9 |  9.8
Spellcasting   | 1 2 3 4 5 6 7 |  7.5
Dodging        | 1 2 3 4 5 6 |  6.8
Fighting       | 4 5 6 7 8 9 10 | 10.7
Shields        | 4 5 6 |  6.0
Armour         | 4 5 6 7 |  7.7
Invocations    | 1 3 4 5 6 7 |  7.9
Evocations     | 2 3 4 5 6 |  6.3
Maces & Flails | 1 2 3 |  3.2
Translocations | 1 3 |  3.4
Charms         | 1 3 |  3.1
Summonings     | 2 3 |  3.1
Conjurations   | 1 2 |  2.9
Hexes          | 1 |  1.9
Fire Magic     | 1 |  1.9
Air Magic      | 1 |  1.2

Action                   |  1- 3 |  4- 6 |  7- 9 | 10-12 | 13-15 || total
-------------------------+-------+-------+-------+-------+-------++-------
Melee: War axe           |   102 |   179 |   432 |   669 |   964 ||  2346
       Morningstar       |       |       |       |     8 |    56 ||    64
       Broad axe         |       |       |       |       |    15 ||    15
Throw: Javelin           |       |       |       |       |     4 ||     4
 Cast: Summon Butterflie |       |       |       |       |     6 ||     6
       Shroud of Golubri |       |       |       |       |     6 ||     6
       Apportation       |       |       |       |       |    40 ||    40
       Call Imp          |       |       |       |       |     3 ||     3
       Blink             |       |       |       |       |     1 ||     1
       Conjure Flame     |       |       |       |       |     2 ||     2
Invok: Heroism           |       |       |     5 |    25 |    42 ||    72
       Finesse           |       |       |       |     1 |     2 ||     3
 Abil: Fly               |       |       |       |       |     1 ||     1
Evoke: Wand              |       |       |       |     8 |     1 ||     9
  Use: Scroll            |     6 |     3 |     8 |    19 |    15 ||    51
       Potion            |       |       |     3 |     4 |     2 ||     9
 Stab: Sleeping          |       |       |     1 |     2 |    17 ||    20
       Distracted        |       |       |       |       |     2 ||     2
  Eat: Chunk             |     1 |     6 |     5 |    14 |    10 ||    36
       Ration            |       |       |     2 |       |     5 ||     7
Armor: Scale mail        |    73 |   116 |   256 |   260 |       ||   705
       Chain mail        |       |       |       |    87 |   173 ||   260
       Ring mail         |       |       |       |       |   244 ||   244
Dodge: Dodged            |    22 |    87 |   197 |   287 |   564 ||  1157
Block: Shield            |    69 |   128 |   298 |   267 |       ||   762
       Buckler           |       |       |       |    93 |   434 ||   527
